 Dungeon Crawl Stone Soup version 0.31-a0-859-g9dce7d3444 (webtiles) character file.

Game seed: 14192185437559516422

21 jasper the Conjurer (level 2, -1/15 HPs)
             Began as a Deep Elf Conjurer on Oct 9, 2023.
             Slain by an adder (2 damage)
             ... on level 1 of the Dungeon.
             The game lasted 00:01:02 (812 turns).

jasper the Conjurer (Deep Elf Conjurer)              Turns: 812, Time: 00:01:02

Health: -1/15      AC:  2    Str:  4    XL:     2   Next: 62%
Magic:  2/8        EV: 12    Int: 22    God:
Gold:   79         SH:  0    Dex: 13    Spells: 5/8 levels left

rFire   . . .        c - +1 spear
rCold   . . .        (no shield)
rNeg    . . .        a - +0 robe
rPois   .            (no helmet)
rElec   .            (no cloak)
rCorr   .            (no gloves)
SInv    .            (no boots)
Will    .....        (no amulet)
Stlth   ++           (no ring)
HPRegen 0.22/turn    (no ring)
MPRegen 0.11/turn

%: no passive effects
@: lethally poisoned (-1 -> -6)
A: no striking features
a: no special abilities


You were on level 1 of the Dungeon.
You visited 1 branch of the dungeon, and saw 2 of its levels.

You collected 79 gold pieces.

Inventory:

Hand Weapons
 c - a +1 spear (weapon)
Armour
 a - a +0 robe (worn)
Potions
 b - a potion of magic
 d - 2 potions of mutation {unknown}


   Skills:
 - Level 2.4 Dodging
 - Level 2.4 Stealth
 + Level 3.8 Spellcasting
 + Level 4.8 Conjurations


You had 5 spell levels left.
You knew the following spells:

 Your Spells              Type           Power      Damage    Failure   Level
a - Magic Dart            Conj           100%       1d8       1%          1
b - Searing Ray           Conj           50%        2d6       2%          2

Your spell library contained the following spells:

 Spells                   Type           Power      Damage    Failure   Level
 Dazzling Flash           Conj/Hex       30%        N/A       13%         3
 Fulminant Prism          Conj/Hex       7%         3d7       38%         4
 Iskenderun's Mystic Bla  Conj/Tloc      15%        2d5       38%         4


Dungeon Overview and Level Annotations

Branches:
Dungeon (2/15)

Altars:


Message History

Aim: an adder (66% to hit)
The searing ray misses the adder. (Press . to maintain the ray.)
You now have 4/8 mp.
The searing ray misses the adder.
You now have 3/8 mp.
The searing ray misses the adder.
The adder closely misses you. The hobgoblin hits you.
You take 1 damage, and have 14/15 hp.
You now have 2/8 mp.
The searing ray hits the adder.
The adder is heavily wounded.
You finish channelling your searing ray.
The adder barely misses you. The adder bites you.
The hobgoblin barely misses you.
You take 2 damage, and have 12/15 hp.
You now have 1/8 mp.
The adder barely misses you. The hobgoblin barely misses you.
You climb upwards.
There is a stone staircase leading down here.
The adder attacks as it pursues you! The adder bites you but does no damage.
The hobgoblin closely misses you. The adder attacks as it pursues you!
The adder bites you. The hobgoblin barely misses you. The adder bites you.
You are poisoned.
The adder poisons you!
You take 4 damage, and have 9/15 hp.
MASSIVE DAMAGE!!
You feel sick.
You take 2 damage, and have 7/15 hp.
You feel sick.
You take 1 damage, and have 6/15 hp.
You feel sick. The adder attacks as it pursues you!
The adder barely misses you. The adder bites you.
You are lethally poisoned!
The adder poisons you!
You take 1 damage, and have 5/15 hp.
* * * LOW HITPOINT WARNING * * *
You feel sick.
You take 2 damage, and have 3/15 hp.
* * * LOW HITPOINT WARNING * * *
You feel sick. The adder attacks as it pursues you! The adder bites you.
You die...

##
#######....##...#####..#
#..........>#..## ##>##
###.#####.###...## #..#
##...# ##.##....# #..###
#..### #..##....# #....#
#.## #.##.g##.### #.##.#
###.# #.....##...##
#.##.# #...#
####..##S####..## #.####
##.######.....##@# ##..#
#.# .......[..###.##.#
##.# #.#
....########[....# #.#
#.# ....# ##..)..## #.#
#.# #...# ##.......##
#.####.#### ..###
#.........# #>.##.....#
### #....÷....#
##.#....... #
#...÷)....# #......... #
#...†.....# #.........


You could see an adder and a hobgoblin.

Vanquished Creatures
  3 ball pythons (D:1)
  3 bats
  2 endoplasms (D:1)
  3 goblins (D:1)
  A hobgoblin (D:1)
  2 jackals (D:1)
  A kobold (D:1)
  A rat (D:1)
16 creatures vanquished.

Notes
Turn   | Place    | Note
-------+----------+-------------------------------------------
     0 | D:1      | jasper the Deep Elf Conjurer began the quest for the Orb.
     0 | D:1      | Reached XP level 1. HP: 10/10 MP: 6/6
   261 | D:1      | Reached XP level 2. HP: 15/15 MP: 5/8
   264 | D:1      | Learned a level 2 spell: Searing Ray
   812 | D:1      | Slain by an adder

Illustrated notes

Levels and vault maps discovered:
D:1:      minmay_arrival_loop, layout_rooms
D:2:      layout_loops_ring, ebering_ecumenical_altar_ruins, serial_shops, shop

Action                     || total
---------------------------++-------
   Cast: Magic Dart        ||    26
         Searing Ray       ||     3
    Use: Scroll            ||     3
 Armour: Robe              ||     8
  Dodge: Dodged            ||     8

Table legend: (Time is in decaauts)
 A = Elapsed time spent in this place.
 B = Non-inter-level travel time spent in this place.
 C = Inter-level travel time spent in this place.
 D = Time resting spent in this place.
 E = Time spent auto-exploring this place.
 F = Levels seen in this place.
 G = Mean time per level.
                   A        B        C        D        E       F      G
               +--------+--------+--------+--------+--------+-----+--------+
         Total |    811 |    754 |     57 |     31 |    638 |   2 |  405.5 |
       Dungeon |    811 |    754 |     57 |     31 |    638 |   2 |  405.5 |
               +--------+--------+--------+--------+--------+-----+--------+

Top non-repeatable levels by time:
     D:1: 803 daAuts
     D:2: 8 daAuts
